PL
CALIFORNIA OCEANLINERS @ ATHLETIC CLUB KC
04/18/2020
 
TOP OF THE 1ST
California Oceanliners batting - Pitching for Athletic Club KC : LHP Vincent Hall
Pitching: LHP Vincent Hall
Batting: RHB Dave King 0-0: Ball
1-0: Called Strike
1-1: Ball
2-1: Ball
3-1: Called Strike
3-2: Ground out 5-3 (Groundball, 5L)
Batting: LHB Tim Hargrove 0-0: Called Strike
0-1: Ball
1-1: Ball
2-1: Ball
3-1: Foul Ball, location: 2F
3-2: Strikes out swinging
Batting: LHB Mike Silver 0-0: Ball
1-0: Fly out, F7 (Flyball, 7LM)
Top of the 1st over - 0 run(s), 0 hit(s), 0 error(s), 0 left on base; California 0 - Athletic Club KC 0
BOTTOM OF THE 1ST
Athletic Club KC batting - Pitching for California Oceanliners : RHP Carlos Mata
Pitching: RHP Carlos Mata
Batting: SHB David Henderson 0-0: DOUBLE (Line Drive, 8RD)
Batting: RHB Jorge Trevino 0-0: Called Strike
0-1: Ball
1-1: Foul Ball, location: 2F
1-2: Fly out, F7 (Flyball, 7D)
Runner from 2nd tags up, SAFE at 3rd, no throw
Batting: RHB Ramón Souza 0-0: Foul Ball, location: 2F
0-1: Called Strike
0-2: Strikes out looking
Batting: RHB Ed Hopkins 0-0: Ball
1-0: Called Strike
1-1: Foul Ball, location: 2F
1-2: Ground out U3 (Groundball, 3L)
Bottom of the 1st over - 0 run(s), 1 hit(s), 0 error(s), 1 left on base; California 0 - Athletic Club KC 0
TOP OF THE 2ND
California Oceanliners batting - Pitching for Athletic Club KC : LHP Vincent Hall
Batting: RHB Takeru Sanu 0-0: Ground out 6-3 (Groundball, 6)
Batting: SHB Robbie Anderson 0-0: Ground out 6-3 (Groundball, 4M)
Batting: LHB Frank Wentworth 0-0: Ground out 4-3 (Groundball, 4)
Top of the 2nd over - 0 run(s), 0 hit(s), 0 error(s), 0 left on base; California 0 - Athletic Club KC 0
BOTTOM OF THE 2ND
Athletic Club KC batting - Pitching for California Oceanliners : RHP Carlos Mata
Batting: LHB Emílio Sáenz 0-0: Ground out 1-3 (Groundball, 15S)
Batting: LHB Bob Davis 0-0: Called Strike
0-1: Ball
1-1: Ball
2-1: Called Strike
2-2: Ball
3-2: Strikes out swinging
Batting: RHB Harry Fuller 0-0: Called Strike
0-1: Called Strike
0-2: Ground out 5-3 (Groundball, 56)
Bottom of the 2nd over - 0 run(s), 0 hit(s), 0 error(s), 0 left on base; California 0 - Athletic Club KC 0
TOP OF THE 3RD
California Oceanliners batting - Pitching for Athletic Club KC : LHP Vincent Hall
Batting: SHB Mark Kennedy 0-0: Called Strike
0-1: Ball
1-1: Called Strike
1-2: Strikes out looking
Batting: RHB Gerald Ambler 0-0: Called Strike
0-1: Called Strike
0-2: Ball
1-2: Strikes out swinging
Batting: RHB Carlos Mata 0-0: Ball
1-0: Fly out, F9 (Line Drive, 89S)
Top of the 3rd over - 0 run(s), 0 hit(s), 0 error(s), 0 left on base; California 0 - Athletic Club KC 0
BOTTOM OF THE 3RD
Athletic Club KC batting - Pitching for California Oceanliners : RHP Carlos Mata
Batting: LHB Lawrence Washington 0-0: Foul Ball, location: 2F
0-1: Ground out 5-3 (Groundball, 5)
Batting: LHB Vincent Hall 0-0: Swinging Strike
0-1: Called Strike
0-2: Ball
1-2: Strikes out looking
Batting: SHB David Henderson 0-0: Ball
1-0: Fly out, F7 (Popup, 6D)
Bottom of the 3rd over - 0 run(s), 0 hit(s), 0 error(s), 0 left on base; California 0 - Athletic Club KC 0
TOP OF THE 4TH
California Oceanliners batting - Pitching for Athletic Club KC : LHP Vincent Hall
Batting: RHB Dave King 0-0: Called Strike
0-1: Ball
1-1: Foul Ball, location: 2F
1-2: Ground out 4-3 (Groundball, 4M)
Batting: LHB Tim Hargrove 0-0: Ball
1-0: Ball
2-0: Called Strike
2-1: Ball
3-1: Fly out, F8 (Flyball, 8RD)
Batting: LHB Mike Silver 0-0: Swinging Strike
0-1: Ball
1-1: Ball
2-1: Foul Ball, location: 2F
2-2: Foul Ball, location: 2F
2-2: Strikes out swinging
Top of the 4th over - 0 run(s), 0 hit(s), 0 error(s), 0 left on base; California 0 - Athletic Club KC 0
BOTTOM OF THE 4TH
Athletic Club KC batting - Pitching for California Oceanliners : RHP Carlos Mata
Batting: RHB Jorge Trevino 0-0: Ball
1-0: Ball
2-0: Called Strike
2-1: Foul Ball, location: 2F
2-2: SINGLE (Line Drive, 5)
Batting: RHB Ramón Souza 0-0: Foul Ball, location: 2F
0-1: Foul Ball, location: 2F
0-2: Ball
1-2: Ball
2-2: Foul Ball, location: 2F
2-2: Ball
3-2: Strikes out swinging
Pitching: RHP Mike Lyon
Batting: RHB Ed Hopkins 0-0: Grounds into double play, 5-4-3 (Groundball, 56)
Bottom of the 4th over - 0 run(s), 1 hit(s), 0 error(s), 0 left on base; California 0 - Athletic Club KC 0
TOP OF THE 5TH
California Oceanliners batting - Pitching for Athletic Club KC : LHP Vincent Hall
Pitching: RHP Byron Rogers
Batting: RHB Takeru Sanu 0-0: Ball
1-0: Called Strike
1-1: Ball
2-1: Called Strike
2-2: Ball
3-2: Base on Balls
Batting: SHB Robbie Anderson 0-0: Grounds into double play, 6-4-3 (Groundball, 6M)
Batting: LHB Frank Wentworth 0-0: Swinging Strike
0-1: Ball
1-1: Swinging Strike
1-2: Foul Ball, location: 2F
1-2: Strikes out swinging
Top of the 5th over - 0 run(s), 0 hit(s), 0 error(s), 0 left on base; California 0 - Athletic Club KC 0
BOTTOM OF THE 5TH
Athletic Club KC batting - Pitching for California Oceanliners : RHP Mike Lyon
Batting: LHB Emílio Sáenz 0-0: Ball
1-0: Swinging Strike
1-1: Foul Ball, location: 2F
1-2: SOLO HOME RUN (Flyball, 8LXD), Distance : 439 ft
Batting: LHB Bob Davis 0-0: Ground out 4-3 (Groundball, 4)
Batting: RHB Harry Fuller 0-0: Ball
1-0: Ball
2-0: Called Strike
2-1: Foul Ball, location: 2F
2-2: Foul Ball, location: 2F
2-2: Ball
3-2: Base on Balls
Batting: LHB Lawrence Washington 0-0: Ball
1-0: Ball
2-0: Ball
3-0: Called Strike
3-1: SINGLE (Line Drive, 9LS)
Harry Fuller to second
Pinch Hitting: RHB Rick Atkinson 0-0: Ball
1-0: Foul Ball, location: 2F
1-1: Swinging Strike
1-2: Foul Ball, location: 2F
1-2: Fly out, F9 (Flyball, 9LMF)
Batting: SHB David Henderson 0-0: Ball
1-0: Ball
2-0: Fielders Choice at 2nd, U4 (Groundball, 4M)
Bottom of the 5th over - 1 run(s), 2 hit(s), 0 error(s), 2 left on base; California 0 - Athletic Club KC 1
TOP OF THE 6TH
California Oceanliners batting - Pitching for Athletic Club KC : RHP Byron Rogers
Pitching: LHP Carlos Vargas
Batting: SHB Mark Kennedy 0-0: Ball
1-0: Called Strike
1-1: Foul Ball, location: 2F
1-2: Fly out, F4 (Popup, 4)
Batting: RHB Gerald Ambler 0-0: Ball
1-0: Called Strike
1-1: Foul Ball, location: 2F
1-2: Ball
2-2: Ball
3-2: Fly out, F9 (Flyball, 9M)
Batting: RHB Mike Lyon 0-0: Foul Ball, location: 2F
0-1: Called Strike
0-2: Ball
1-2: Strikes out swinging
Top of the 6th over - 0 run(s), 0 hit(s), 0 error(s), 0 left on base; California 0 - Athletic Club KC 1
BOTTOM OF THE 6TH
Athletic Club KC batting - Pitching for California Oceanliners : RHP Mike Lyon
Batting: RHB Jorge Trevino 0-0: Ball
1-0: Ball
2-0: Ball
3-0: Base on Balls
Batting: RHB Ramón Souza 0-0: Ball
1-0: Foul Ball, location: 2F
1-1: Called Strike
1-2: Ball
2-2: Foul Ball, location: 2F
2-2: Strikes out looking
Batting: RHB Ed Hopkins 0-0: Called Strike
Jorge Trevino is caught stealing 2nd base
0-1: Fly out, F9 (Flyball, 9LM)
Bottom of the 6th over - 0 run(s), 0 hit(s), 0 error(s), 0 left on base; California 0 - Athletic Club KC 1
TOP OF THE 7TH
California Oceanliners batting - Pitching for Athletic Club KC : LHP Carlos Vargas
Batting: RHB Dave King 0-0: Ball
1-0: SINGLE (Line Drive, 56)
Pinch Hitting: RHB John Downing 0-0: Called Strike
0-1: Ball
1-1: Ball
2-1: Called Strike
2-2: Strikes out looking
Batting: LHB Mike Silver 0-0: Ball
1-0: Ball
2-0: Ball
3-0: Called Strike
3-1: Base on Balls
Dave King to second
Batting: RHB Takeru Sanu 0-0: Ball
1-0: Ball
Dave King steals 3rd base
Mike Silver to second
2-0: Called Strike
2-1: Foul Ball, location: 2F
2-2: Foul Ball, location: 2F
2-2: Fly out, F4 (Popup, 3D)
Pinch Hitting: RHB Domingo García 0-0: Called Strike
0-1: Fly out, F4 (Popup, 4D)
Top of the 7th over - 0 run(s), 1 hit(s), 0 error(s), 2 left on base; California 0 - Athletic Club KC 1
BOTTOM OF THE 7TH
Athletic Club KC batting - Pitching for California Oceanliners : RHP Mike Lyon
Now at 3B: Domingo García
Now in LF: John Downing
Batting: LHB Emílio Sáenz 0-0: Called Strike
0-1: Ball
1-1: Ball
2-1: Ground out 4-3 (Groundball, 4)
Batting: LHB Bob Davis 0-0: Fly out, F8 (Flyball, 8RM)
Batting: RHB Harry Fuller 0-0: Foul Ball, location: 2F
0-1: Swinging Strike
0-2: Strikes out looking
Bottom of the 7th over - 0 run(s), 0 hit(s), 0 error(s), 0 left on base; California 0 - Athletic Club KC 1
TOP OF THE 8TH
California Oceanliners batting - Pitching for Athletic Club KC : LHP Carlos Vargas
Batting: LHB Frank Wentworth 0-0: Foul Ball, location: 2F
0-1: SINGLE (Line Drive, 8RS)
Pinch Hitting: RHB Soseki Matsunaga 0-0: Sac Bunt - play at second, runner OUT! 5-6
Batting: RHB Gerald Ambler 0-0: Ball
1-0: Ball
2-0: Called Strike
2-1: Foul Ball, location: 2F
2-2: Ball
3-2: Base on Balls
Soseki Matsunaga to second
Pinch Hitting: LHB Robert Bond 0-0: SINGLE (Line Drive, 6M)
Soseki Matsunaga to third
Gerald Ambler to second
Pinch Hitting: RHB Jason Shaffer 0-0: Called Strike
0-1: Ball
1-1: Ball
2-1: Foul Ball, location: 2F
2-2: Ball
3-2: Foul Ball, location: 2F
3-2: Foul Ball, location: 2F
3-2: Base on Balls
Soseki Matsunaga scores
Gerald Ambler to third
Robert Bond to second
Batting: RHB John Downing 0-0: Swinging Strike
0-1: Ball
1-1: Ball
2-1: GRAND SLAM HOME RUN (Flyball, 78XD), Distance : 429 ft
Pitching: RHP Artie Beardsall
Pinch Hitting: LHB Gregory Johnson 0-0: Called Strike
0-1: SINGLE (Groundball, 3D)
Pinch Hitting: RHB César Medrano 0-0: Ball
1-0: Ball
2-0: Ball
3-0: Called Strike
3-1: Foul Ball, location: 2F
3-2: Foul Ball, location: 2F
3-2: Strikes out swinging
Batting: RHB Domingo García 0-0: Ball
1-0: Ball
2-0: Called Strike
2-1: Foul Ball, location: 2F
2-2: Strikes out swinging
Top of the 8th over - 5 run(s), 4 hit(s), 0 error(s), 1 left on base; California 5 - Athletic Club KC 1
BOTTOM OF THE 8TH
Athletic Club KC batting - Pitching for California Oceanliners : RHP Mike Lyon
Pitching: RHP Harris Howard
Now at 1B: José Rivera
Now at 2B: Soseki Matsunaga
Now at SS: Gregory Johnson
Now in CF: Terry Conley
Batting: LHB Lawrence Washington 0-0: Ball
1-0: Called Strike
1-1: Foul Ball, location: 2F
1-2: Strikes out swinging
Batting: RHB Artie Beardsall 0-0: Called Strike
0-1: Ball
1-1: Ball
2-1: Swinging Strike
2-2: Ground out 1-3 (Groundball, 25)
Batting: SHB David Henderson 0-0: Foul Ball, location: 2F
0-1: Ball
1-1: Fly out, F8 (Flyball, 8LD)
Bottom of the 8th over - 0 run(s), 0 hit(s), 0 error(s), 0 left on base; California 5 - Athletic Club KC 1
TOP OF THE 9TH
California Oceanliners batting - Pitching for Athletic Club KC : RHP Artie Beardsall
Pinch Hitting: LHB Kelly Brown 0-0: Fly out, F8 (Flyball, 8LM)
Batting: RHB Soseki Matsunaga 0-0: Ball
1-0: Ball
2-0: Ground out 1-3 (Groundball, 15)
Batting: RHB Gerald Ambler 0-0: Ball
1-0: Foul Ball, location: 2F
1-1: Ball
2-1: Ball
3-1: Base on Balls
Pinch Hitting: LHB William Wise 0-0: Ball
1-0: Ball
2-0: Foul Ball, location: 2F
2-1: Called Strike
2-2: Fly out, F7 (Popup, 5DF)
Top of the 9th over - 0 run(s), 0 hit(s), 0 error(s), 1 left on base; California 5 - Athletic Club KC 1
BOTTOM OF THE 9TH
Athletic Club KC batting - Pitching for California Oceanliners : RHP Harris Howard
Pitching: RHP Brian Chandler
Now in RF: Todd Cisneros
Batting: RHB Jorge Trevino 0-0: Swinging Strike
0-1: SINGLE (Line Drive, 6MD)
Batting: RHB Ramón Souza 0-0: Ball
1-0: Called Strike
1-1: Ball
2-1: Foul Ball, location: 2F
2-2: Ball
3-2: Foul Ball, location: 2F
3-2: Strikes out swinging
Pinch Hitting: LHB Chris Rice 0-0: Called Strike
0-1: Ball
Wild Pitch!
Jorge Trevino to second
1-1: Fly out, F7 (Flyball, 7LM)
Batting: LHB Emílio Sáenz 0-0: Ball
1-0: Called Strike
1-1: Foul Ball, location: 2F
1-2: Ball
2-2: Strikes out swinging
Bottom of the 9th over - 0 run(s), 1 hit(s), 0 error(s), 1 left on base; California 5 - Athletic Club KC 1
This league is powered by Out of the Park Baseball, the baseball management simulation game for PC, Mac and Linux
Friday, October 23rd, 2015 - OOTP Baseball 16.9 Build 39